 Dungeon Crawl Stone Soup version 0.21-a0-630-g344d351 (webtiles) character file.

334304 XomBae the Slayer (level 20, -19/202 HPs)
             Began as a Minotaur Fighter on Dec 25, 2017.
             Was the Champion of Trog.
             Killed from afar by a tengu reaver (34 damage)
             ... with a bolt of lightning
             ... on level 5 of the Vaults on Dec 26, 2017.
             The game lasted 01:11:09 (38346 turns).

XomBae the Slayer (Minotaur Fighter)               Turns: 38346, Time: 01:11:10

Health: -19/202    AC: 43    Str: 35    XL:     20   Next: 93%
Magic:  28/28      EV:  9    Int:  6    God:    Trog [******]
Gold:   1650       SH: 16    Dex: 12    Spells: 19/19 levels left

rFire    + . .     SeeInvis +   t - +11 war axe of Eternal Vigilance {vamp, Int-3 Dex+2 SInv}
rCold    . . .     Gourm    .   J - +0 shield {reflect}
rNeg     . . .     Faith    +   E - +6 plate armour "Folourobu" {Int+4}
rPois    +         Spirit   .   W - +1 hat {MR+}
rElec    .         Reflect  +   S - +2 cloak
rCorr    .         Harm     .   Z - +2 pair of gloves
MR       ++++.                  q - +2 pair of boots {Stlth+}
Stlth    ..........             B - amulet of faith
HPRegen  1.43/turn              k - ring of poison resistance
MPRegen  0.21/turn              o - ring "Lavaapt" {rF+ AC+4 Stlth+}

@: mighty, very slightly contaminated, regenerating
A: retaliatory headbutt, horns 2
}: 2/15 runes: barnacled, gossamer
a: Berserk, Trog's Hand, Brothers in Arms, Burn Spellbooks, Renounce Religion


You were on level 5 of the Vaults.
You worshipped Trog.
Trog was exalted by your worship.
You were not hungry.

You visited 6 branches of the dungeon, and saw 36 of its levels.
You also visited: Ice Cave and Volcano.

You collected 3831 gold pieces.
You spent 2181 gold pieces at shops.

Inventory:

Hand Weapons
 a - a +1 executioner's axe of flaming
 t - the +11 war axe of Eternal Vigilance (weapon) {vamp, Int-3 Dex+2 SInv}
   (You found it on level 1 of the Lair of Beasts)

   It inflicts no extra harm, but heals its wielder when it wounds a living foe.
   It affects your intelligence (-3).
   It affects your dexterity (+2).
   It lets you see invisible.
 I - a +2 antimagic broad axe
Missiles
 z - 14 steel javelins (quivered)
Armour
 q - a +2 pair of boots of stealth (worn)
 E - the +6 plate armour "Folourobu" (worn) {Int+4}
   (You found it on level 6 of the Dungeon)

   It affects your intelligence (+4).
 J - a +0 shield of reflection (worn)
 S - a +2 cloak (worn)
 W - a +1 hat of magic resistance (worn)
 Z - a +2 pair of gloves (worn)
Jewellery
 k - a ring of poison resistance (left hand)
 l - an uncursed ring of protection from magic
 o - the ring "Lavaapt" (right hand) {rF+ AC+4 Stlth+}
   (You bought it in a shop on level 2 of the Orcish Mines)

   [ring of protection]

   It affects your AC (+4).
   It protects you from fire.
   It makes you more stealthy.
 r - an uncursed ring of protection from cold
 B - an amulet of faith (around neck)
 L - the ring "Itzang" {Fire -Tele Dex+3 Slay+4}
   (You found it on level 9 of the Dungeon)

   [ring of fire]

   It enhances your fire magic.
   It affects your dexterity (+3).
   It affects your accuracy and damage with ranged weapons and melee attacks
   (+4).
   It protects you from fire.
   It makes you vulnerable to cold.
   It prevents most forms of teleportation.
 R - a +3 ring of evasion
Wands
 b - a wand of clouds (3)
 i - a wand of acid (13)
 j - a wand of random effects (35)
 u - a wand of disintegration (17)
 y - a wand of iceblast (25)
 A - a wand of flame (82)
 M - a wand of digging (29)
 O - a wand of scattershot (5)
 Q - a wand of polymorph (45)
Scrolls
 c - a scroll of vulnerability {unknown}
 e - 12 scrolls of teleportation
 g - 11 scrolls of remove curse
 m - 4 scrolls of fear
 p - 3 scrolls of enchant armour
 w - 6 scrolls of enchant weapon
 H - 2 scrolls of fog
 U - 4 scrolls of magic mapping
Potions
 d - 6 potions of might
 h - 5 potions of curing
 n - 10 potions of agility
 s - 4 potions of haste
 v - 6 potions of ambrosia
 C - 2 potions of berserk rage
 D - 8 potions of flight
 F - a potion of invisibility
 N - 3 potions of mutation
Miscellaneous
 x - a phantom mirror
 G - a phial of floods
 Y - a lamp of fire
Comestibles
 f - 45 rations


   Skills:
 + Level 22.4 Fighting
 - Level 18.9 Axes
 - Level 5.8 Throwing
 + Level 22.3 Armour
 - Level 17.1 Shields
 - Level 12.2 Evocations


You had 19 spell levels left.
You didn't know any spells.

Dungeon Overview and Level Annotations

Branches:
Dungeon (15/15)            Temple (0/1) D:5            Lair (6/6) D:9
 Shoals (4/4) Lair:3       Spider (4/4) Lair:4        Slime (0/5) Lair:6
    Orc (2/2) D:12            Elf (0/3) Orc:2        Vaults (5/5) D:14
  Crypt (0/3) Vaults:2     Depths (0/5) D:15

Altars:
Cheibriados
Hepliaklqana
Kikubaaqudgha
Makhleb
Qazlal
Trog
Vehumet
Yredelemnul
The Shining One
Jiyva

Shops:
D:5 (   D:6 %!   D:13 ![}   Orc:1 (   Orc:2 =([*   Vaults:5 (

Annotations:
Lair:6 1 runed door
Shoals:2 exclusion: Roxanne, Roxanne


Innate Abilities, Weirdness & Mutations

You reflexively headbutt those who attack you in melee.
You have a pair of horns on your head.


Message History

Unknown command.
Okay, then.
You miss the tengu reaver.
Your cyclops hits the ironheart preserver!
Unknown command.
Unknown command.
Your plate armour "Folourobu" prevents you from hitting the tengu reaver.
You completely miss the tengu reaver. You block the tengu reaver's attack.
The tengu reaver closely misses you. You block the tengu reaver's attack.
Unknown command.
Unknown command.
You closely miss the tengu reaver. Your headbutt misses the tengu reaver.
The tengu reaver is moderately wounded.
Your plate armour "Folourobu" prevents you from hitting the tengu reaver.
Your cyclops closely misses the ironheart preserver.
You block the tengu reaver's attack. x2
The tengu reaver claws you but does no damage.
The tengu reaver points at you and mumbles some strange words.
The bolt of lightning hits you!
You die...

#∩):## #|.e.
#}.W ##(.#
#.ep##### #
#().....# .##.
#.[..pC*# #
.....######.)*#
.. #
.......@.##.W##
...#
##.......Qp.C#
...#
#..##...Qp*.#
.... ##
######### ##..
.... .... ....
.... #...


You could see an ironheart preserver, a vault warden, 2 tengu reavers, a
battlesphere and a friendly cyclops (berserk).

Vanquished Creatures
  Margery (Vaults:4)
  Arachne (Spider:4)
  A lich (Vaults:5)
  2 titans (Vaults:5)
  A tentacled monstrosity (Vaults:5)
  Rupert (Lair:6)
  A sphinx (Vaults:2)
  A tengu reaver (Vaults:4)
  Polyphemus (Shoals:2)
  A shadow dragon (Vaults:5)
  Ilsuiw (Shoals:4)
  Agnes (D:15)
  Donald (Vaults:4)
  An iron dragon (Vaults:5)
  A fire giant (Vaults:5)
  3 frost giants
  3 ghost moths (Spider:4)
  12 vault wardens
  2 ghouls (Vaults:1)
  3 emperor scorpions
  12 ironheart preservers
  4 stone giants
  The ghost of XomBae the Brawler, a journeyman TrCK of Xom (Lair:5)
  Nessos (Lair:6)
  A war gargoyle (Vaults:4)
  5 entropy weavers
  3 deep elf annihilators (Vaults:2)
  5 dire elephants (Lair:6)
  A deep elf demonologist (Vaults:2)
  Azrael (D:12)
  A red draconian (Volcano)
  3 spark wasps (Spider:4)
  2 blizzard demons (IceCv)
  A deep elf death mage (Vaults:2)
  11 merfolk impalers
  2 ettins
  2 fire dragons
  A fire dragon (shapeshifter) (Vaults:2)
  5 merfolk javelineers
  A great orb of eyes (Vaults:2)
  4 yaktaur captains
  Josephine (Lair:5)
  A deep elf high priest (Vaults:5)
  Erolcha (D:9)
  An ice dragon (Vaults:2)
  28 vault guards
  7 hydras
  The ghost of Gaball the Spear-Bearer, a journeyman FoAK of Lugonu (D:11)
  A rakshasa (Vaults:3)
  4 centaur warriors
  2 merfolk avatars
  A catoblepas (Shoals:2)
  2 dancing weapons (D:14)
  An anaconda (Lair:6)
  An alligator snapping turtle (Shoals:3)
  3 merfolk aquamancers
  36 two-headed ogres
  3 deep troll earth magi
  3 death yaks (Shoals:2)
  10 ogre magi
  A deep troll shaman (Vaults:2)
  4 death knights
  A vampire mage (D:15)
  2 tengu warriors (D:14)
  A shock serpent (shapeshifter) (Vaults:5)
  4 hell knights (Vaults:4)
  Urug (Lair:5)
  A storm dragon zombie (Vaults:2)
  Nergalle (Lair:1)
  6 deep elf knights
  2 skeletal warriors (D:15)
  14 sea snakes
  A shadow wraith (Vaults:3)
  An unseen horror (shapeshifter) (D:15)
  2 unseen horrors (D:15)
  14 deep trolls
  3 glowing orange brains
  6 wizards
  A shadow dragon zombie (Vaults:4)
  A flayed ghost (Vaults:1)
  3 deep elf archers
  9 ironbrand convokers
  15 orc knights
  A phantasmal warrior (Vaults:5)
  17 harpies
  A lindwurm (Orc:1)
  6 necromancers
  A tengu skeleton (Vaults:4)
  A frost giant zombie (D:15)
  An orc sorcerer (Orc:2)
  13 orb spiders
  2 shadow dragon skeletons
  A manticore (shapeshifter) (D:13)
  5 deep elf magi
  12 fauns
  8 moths of wrath
  5 cyclopes
  31 wolf spiders
  11 manticores
  21 ugly things
  13 elephants
  9 vault sentinels
  8 merfolk sirens
  A fire giant skeleton (Vaults:2)
  A stone giant skeleton (Vaults:2)
  6 black mambas
  An ice statue (IceCv)
  13 spiny frogs
  2 rime drakes
  A yaktaur zombie (Vaults:4)
  2 efreet
  27 yaktaurs
  8 freezing wraiths
  4 anaconda simulacra (IceCv)
  4 komodo dragons
  14 demonic crawlers
  4 ice devils (IceCv)
  3 golden dragon simulacra (IceCv)
  A polar bear (Lair:5)
  A human skeleton (Vaults:4)
  A tengu conjurer (D:14)
  24 merfolk
  11 trolls
  41 jumping spiders
  3 wind drakes (Shoals:4)
  A harpy skeleton (D:15)
  6 hornets
  9 snapping turtles
  Prince Ribbit (D:8)
  Grinder (D:5)
  A raiju (shapeshifter) (Vaults:2)
  15 blink frogs
  15 slime creatures
  4 dream sheep (Lair:4)
  11 hippogriffs
  A fire dragon zombie (D:15)
  A meliai zombie (D:14)
  A fire giant simulacrum (Vaults:2)
  A deep troll zombie (D:15)
  24 tarantellas
  37 yaks
  82 redbacks
  12 wraiths
  A spriggan (D:9)
  2 shadows
  A vampire (D:15)
  A human (shapeshifter) (Vaults:2)
  3 dire elephant simulacra (IceCv)
  A wyvern (Lair:6)
  4 hungry ghosts
  A fire elemental (D:12)
  A golden eye (shapeshifter) (Vaults:2)
  4 basilisks
  9 water elementals
  2 steam dragons
  13 wargs
  5 swamp worms (Lair:6)
  7 vampire mosquitoes
  Edmund (D:6)
  A human simulacrum (Vaults:2)
  A soldier ant (D:15)
  3 harpy simulacra (IceCv)
  5 acid dragons
  7 water moccasins
  11 porcupines
  4 hell hounds (D:12)
  6 sky beasts
  A hydra simulacrum (IceCv)
  38 orc warriors
  4 ice beasts
  2 black bears
  A black bear (shapeshifter) (Vaults:4)
  An eye of draining (D:13)
  33 ogres
  A phantom (D:4)
  2 necrophages
  7 boggarts
  31 centaurs
  4 big kobolds
  9 crocodiles
  Blork the orc (D:6)
  The ghost of Doomer the Conjurer, an amateur DECj (D:3)
  26 bullfrogs
  A wyvern skeleton (D:13)
  3 scorpions
  18 killer bees
  11 wights
  2 electric eels
  8 howler monkeys
  2 lava snakes (D:9)
  3 bullfrog zombies
  6 crimson imps
  A quasit (D:12)
  8 hounds
  3 draconian simulacra (IceCv)
  3 centaur skeletons
  18 orc priests
  A bullfrog skeleton (D:10)
  A jelly (D:10)
  8 iguanas
  18 orc wizards
  3 polar bear simulacra (IceCv)
  2 spriggan simulacra (IceCv)
  14 worker ants
  A hell rat (Lair:3)
  A wolf simulacrum (IceCv)
  5 troll simulacra (IceCv)
  2 centaur simulacra (IceCv)
  2 hound zombies
  A hound skeleton (D:5)
  A worker ant zombie (D:5)
  4 gnolls
  12 adders
  3 naga simulacra (IceCv)
  2 ogre simulacra (IceCv)
  7 shadow imps
  7 white imps (IceCv)
  6 ufetubi (IceCv)
  An ooze (D:6)
  2 adder skeletons
  An adder zombie (D:5)
  16 worms
  3 dart slugs
  5 leopard geckos
  91 orcs
  5 giant cockroaches
  9 goblins
  9 hobgoblins
  12 jackals
  33 kobolds
  8 quokkas
  A ball python (D:5)
  8 bats
  5 frilled lizards
  A leopard gecko skeleton (D:5)
  A quokka skeleton (D:5)
  A quokka zombie (D:6)
  4 rats
  3 fungi
  7 plants
  A withered plant (D:15)
1541 creatures vanquished.

Vanquished Creatures (collateral kills)
  A merfolk impaler (Shoals:4)
  A merfolk aquamancer (Shoals:4)
  2 orb spiders (Spider:4)
  A wolf spider (Spider:4)
  A demonic crawler (Spider:4)
  2 jumping spiders (Spider:4)
  4 merfolk
  A hornet (Spider:4)
  A snapping turtle (Shoals:4)
  2 redbacks (Spider:4)
  A tarantella (Spider:4)
17 creatures vanquished.

Vanquished Creatures (others)
  A harpy (Shoals:4)
  A wolf spider (Spider:4)
  2 jumping spiders (Spider:4)
  A snapping turtle (Shoals:4)
  A water elemental (Shoals:2)
  A yak (D:10)
  2 fungi (Lair:6)
  10 plants
  A withered plant (D:15)
20 creatures vanquished.

Grand Total: 1578 creatures vanquished

Notes
Turn   | Place    | Note
-------+----------+-------------------------------------------
     0 | D:1      | XomBae the Minotaur Fighter began the quest for the Orb.
     0 | D:1      | Reached XP level 1. HP: 19/19 MP: 0/0
    36 | D:1      | Reached XP level 2. HP: 5/27 MP: 1/1
   706 | D:1      | Reached XP level 3. HP: 33/33 MP: 2/2
  1678 | D:2      | Reached XP level 4. HP: 40/40 MP: 3/3
  2367 | D:3      | Noticed Doomer's ghost (amateur DECj)
  2703 | D:3      | Killed Doomer's ghost
  2703 | D:3      | Reached skill level 5 in Axes
  2703 | D:3      | Reached XP level 5. HP: 24/47 MP: 4/4
  2910 | D:3      | Found a bloodstained altar of Trog.
  2932 | D:3      | Became a worshipper of Trog the Wrathful
  3687 | D:4      | Noticed an ogre
  3691 | D:4      | Killed an ogre
  3691 | D:4      | Reached skill level 5 in Fighting
  3691 | D:4      | Reached skill level 5 in Armour
  3691 | D:4      | Reached XP level 6. HP: 56/56 MP: 5/5
  3723 | D:4      | Found a radiant altar of Vehumet.
  3770 | D:4      | Reached skill level 1 in Throwing
  4224 | D:4      | Found a glowing golden altar of the Shining One.
  4375 | D:4      | Found a basalt altar of Yredelemnul.
  4377 | D:4      | Noticed a profane servitor
  4385 | D:4      | Noticed an angel
  4414 | D:5      | Entered Level 5 of the Dungeon
  4426 | D:5      | Reached XP level 7. HP: 40/61 MP: 6/6
  4670 | D:5      | Found a snail-covered altar of Cheibriados.
  4716 | D:5      | Found an ancient bone altar of Kikubaaqudgha.
  4783 | D:5      | Found a staircase to the Ecumenical Temple.
  4792 | D:5      | Found Fampuh's Antique Weapon Boutique.
  4812 | D:5      | Reached * piety under Trog
  4830 | D:5      | Noticed Grinder
  4845 | D:5      | Killed Grinder
  4886 | D:5      | Reached XP level 8. HP: 60/70 MP: 7/7
  5881 | D:6      | Noticed Blork the orc
  6023 | D:6      | Found a stormy altar of Qazlal.
  6029 | D:6      | Killed Blork the orc
  6173 | D:6      | Reached ** piety under Trog
  6179 | D:6      | Got a pitted plate armour
  6190 | D:6      | Identified the +6 plate armour "Folourobu" {Int+4} (You found it on level 6 of the Dungeon)
  6238 | D:6      | Noticed Edmund
  6249 | D:6      | Killed Edmund
  6298 | D:6      | Found Jurcha's Food Shoppe.
  6415 | D:6      | Found Kiatodoi's Distillery.
  6418 | D:6      | Bought a potion of berserk rage for 70 gold pieces
  6418 | D:6      | Bought a potion of invisibility for 112 gold pieces
  6522 | D:7      | Reached XP level 9. HP: 62/79 MP: 8/8
  6814 | D:7      | Reached skill level 10 in Axes
  7289 | D:8      | Reached skill level 5 in Throwing
  7363 | D:8      | Reached *** piety under Trog
  8333 | D:8      | Reached XP level 10. HP: 86/90 MP: 9/9
  8605 | D:8      | Noticed Prince Ribbit
  8826 | D:8      | Killed Prince Ribbit
  8889 | D:9      | Found a staircase to the Lair.
  8894 | D:9      | Noticed a seven-headed hydra
  9158 | D:9      | Received a gift from Trog
  9220 | D:9      | Reached **** piety under Trog
  9227 | D:9      | Noticed Erolcha
  9227 | D:9      | Noticed a two-headed ogre
  9243 | D:9      | Killed a two-headed ogre
  9247 | D:9      | Killed Erolcha
  9286 | D:9      | Noticed a two-headed ogre
  9523 | D:9      | Reached skill level 10 in Fighting
  9680 | D:9      | Found a burning altar of Makhleb.
  9804 | D:9      | Killed a two-headed ogre
  9804 | D:9      | Reached skill level 10 in Armour
  9809 | D:9      | Got a heavily runed steel ring
 10185 | D:9      | Identified the ring "Itzang" {Fire -Tele Dex+3 Slay+4} (You found it on level 9 of the Dungeon)
 10231 | D:9      | Reached XP level 11. HP: 100/100 MP: 10/10
 10236 | Lair:1   | Entered Level 1 of the Lair of Beasts
 10298 | Lair:1   | Got a pitted war axe
 10302 | Lair:1   | Identified the +11 war axe of Eternal Vigilance {vamp, Int-3 Dex+2 SInv} (You found it on level 1 of the Lair of Beasts)
 10555 | Lair:1   | Noticed Nergalle
 10569 | Lair:1   | Killed Nergalle
 11285 | Lair:2   | Received a gift from Trog
 11337 | Lair:2   | Noticed a seven-headed hydra
 11339 | Lair:2   | Reached skill level 15 in Axes
 11369 | Lair:2   | Killed a 12-headed hydra
 11369 | Lair:2   | Reached XP level 12. HP: 60/111 MP: 11/11
 12115 | Lair:3   | Found a staircase to the Shoals.
 12322 | Lair:3   | Noticed a five-headed hydra
 12337 | Lair:3   | Killed a 13-headed hydra
 12512 | Lair:3   | Noticed a five-headed hydra
 12522 | Lair:3   | Killed a nine-headed hydra
 12571 | Lair:3   | Received a gift from Trog
 13458 | Lair:4   | Found a hole to the Spider Nest.
 13486 | Lair:4   | Reached ***** piety under Trog
 13606 | Lair:4   | Reached XP level 13. HP: 119/119 MP: 12/12
 14266 | Lair:5   | Noticed Josephine
 14279 | Lair:5   | Killed Josephine
 14411 | Lair:5   | Received a gift from Trog
 14499 | Lair:5   | Noticed Urug
 14514 | Lair:5   | Killed Urug
 14632 | Lair:5   | Noticed XomBae's ghost (journeyman TrCK)
 14646 | Lair:5   | Killed XomBae's ghost
 15124 | Lair:6   | Entered Level 6 of the Lair of Beasts
 15184 | Lair:6   | Found a runed door.
 15184 | Lair:6   | Found a viscous altar of Jiyva.
 15185 | Lair:6   | Noticed an azure jelly
 15195 | Lair:6   | Found a staircase to the Slime Pits.
 15195 | Lair:6   | Noticed an azure jelly
 15195 | Lair:6   | Noticed an azure jelly
 15195 | Lair:6   | Noticed an azure jelly
 15462 | Lair:6   | Noticed Rupert
 15478 | Lair:6   | Killed Rupert
 16310 | Lair:6   | Noticed Nessos
 16330 | Lair:6   | Killed Nessos
 16869 | Lair:6   | Noticed a dire elephant
 16879 | Lair:6   | Killed a dire elephant
 16891 | Lair:6   | Noticed a dire elephant
 16891 | Lair:6   | Noticed a dire elephant
 16905 | Lair:6   | Killed a dire elephant
 16909 | Lair:6   | Killed a dire elephant
 16924 | Lair:6   | Got a pair of slimy boots
 16942 | Lair:6   | Identified the cursed +0 pair of boots of Infinity {rCorr} (You found it on level 6 of the Lair of Beasts)
 17090 | Lair:6   | Received a gift from Trog
 17120 | Lair:6   | Noticed a dire elephant
 17134 | Lair:6   | Killed a dire elephant
 17134 | Lair:6   | Reached XP level 14. HP: 129/132 MP: 13/13
 17317 | D:10     | Entered Level 10 of the Dungeon
 17325 | D:10     | Found an ancient bone altar of Kikubaaqudgha.
 17961 | D:11     | Noticed Gaball's ghost (journeyman FoAK)
 17971 | D:11     | Killed Gaball's ghost
 18200 | D:11     | Found a hazy altar of Hepliaklqana.
 18488 | D:11     | Reached ****** piety under Trog
 18886 | D:11     | Received a gift from Trog
 19030 | D:12     | Reached skill level 5 in Shields
 19110 | D:12     | Found a staircase to the Orcish Mines.
 19499 | D:12     | Noticed Azrael
 19515 | D:12     | Killed Azrael
 19515 | D:12     | Reached skill level 15 in Fighting
 19862 | Orc:1    | Entered Level 1 of the Orcish Mines
 19872 | Orc:1    | Reached skill level 15 in Armour
 20058 | Orc:1    | Found Teorphaoq's Antique Weapon Boutique.
 20173 | Orc:1    | Found a dark tunnel.
 20193 | Volcano  | Entered a volcano
 20555 | Orc:2    | Entered Level 2 of the Orcish Mines
 20568 | Orc:2    | Received a gift from Trog
 20603 | Orc:2    | Received a gift from Trog
 20671 | Orc:2    | Reached XP level 15. HP: 129/143 MP: 14/14
 20914 | Orc:2    | Found a burning altar of Makhleb.
 21255 | Orc:2    | Found a staircase to the Elven Halls.
 21264 | Orc:2    | Found Onyu's General Store.
 21266 | Orc:2    | Found Liamae's Antique Weapon Shop.
 21270 | Orc:2    | Found Daudilep's Armour Shop.
 21271 | Orc:2    | Found Feenecsa's Jewellery Boutique.
 21387 | Orc:2    | Bought the ring "Lavaapt" {rF+ AC+4 Stlth+} for 686 gold pieces
 21387 | Orc:2    | Bought an uncursed amulet of faith for 520 gold pieces
 21518 | D:13     | Found Bull's Armour Shop.
 21521 | D:13     | Found Xisuxt's Distillery.
 21724 | D:13     | Received a gift from Trog
 21825 | D:13     | Found Jopeosk's Gadget Shoppe.
 21831 | D:13     | Bought a wand of clouds (3) for 273 gold pieces
 21831 | D:13     | Bought a phial of floods for 520 gold pieces
 22236 | D:14     | Found a gate to the Vaults.
 22239 | D:14     | Reached skill level 1 in Evocations
 22757 | D:14     | Received a gift from Trog
 23086 | D:15     | Entered Level 15 of the Dungeon
 23177 | D:15     | Noticed Agnes
 23189 | D:15     | Killed Agnes
 23189 | D:15     | Reached skill level 10 in Shields
 23445 | D:15     | Found a staircase to the Depths.
 23945 | D:15     | Noticed Sonja
 23947 | D:15     | Noticed Sonja
 23947 | D:15     | Sonja changed into Sonja the yak
 23952 | D:15     | Killed Sonja the yak
 24296 | Shoals:1 | Entered Level 1 of the Shoals
 24304 | Shoals:1 | Received a gift from Trog
 24604 | Shoals:1 | Reached XP level 16. HP: 155/155 MP: 18/18
 24622 | Shoals:1 | Received a gift from Trog
 24856 | Shoals:1 | Reached skill level 5 in Evocations
 24947 | Shoals:2 | Noticed Polyphemus
 24986 | Shoals:2 | Killed Polyphemus
 25300 | Shoals:2 | Received a gift from Trog
 25406 | Shoals:2 | Noticed Roxanne
 25444 | Shoals:2 | Got a fine fustibalus {god gift}
 25860 | Shoals:3 | Found a frozen archway.
 25936 | IceCv    | Entered an ice cave
 26818 | IceCv    | Received a gift from Trog
 27485 | Shoals:3 | Identified the +5 fustibalus of Deewopemush {velocity, Stlth+} (Trog gifted it to you on level 2 of the Shoals)
 28146 | Shoals:4 | Entered Level 4 of the Shoals
 28196 | Shoals:4 | Got a heavily runed jade ring
 28199 | Shoals:4 | Identified the ring of Eternal Night {MP+9 Dex+3 SInv} (You found it on level 4 of the Shoals)
 28411 | Shoals:4 | Reached XP level 17. HP: 163/163 MP: 21/21
 28612 | Shoals:4 | Noticed Ilsuiw
 28670 | Shoals:4 | Killed Ilsuiw
 28670 | Shoals:4 | Received a gift from Trog
 29062 | Shoals:4 | Got a barnacled rune of Zot
 29229 | Spider:1 | Entered Level 1 of the Spider Nest
 29714 | Spider:2 | Received a gift from Trog
 30734 | Spider:3 | Received a gift from Trog
 31695 | Spider:4 | Entered Level 4 of the Spider Nest
 31779 | Spider:4 | Received a gift from Trog
 31808 | Spider:4 | Reached XP level 18. HP: 176/176 MP: 23/23
 31847 | Spider:4 | Noticed Arachne
 31898 | Spider:4 | Killed Arachne
 32289 | Spider:4 | Received a gift from Trog
 32322 | Spider:4 | Paralysed by a hornet for 3 turns
 32386 | Spider:4 | Reached skill level 10 in Evocations
 32388 | Spider:4 | Reached skill level 15 in Shields
 32411 | Spider:4 | Got a gossamer rune of Zot
 32997 | Vaults:1 | Entered Level 1 of the Vaults
 33406 | Vaults:1 | Received a gift from Trog
 34393 | Vaults:2 | Received a gift from Trog
 34584 | Vaults:2 | Reached XP level 19. HP: 185/185 MP: 26/26
 34708 | Vaults:2 | Received a gift from Trog
 34994 | Vaults:2 | Noticed a Tzitzimitl
 35209 | Vaults:2 | Received a gift from Trog
 35383 | Vaults:2 | Found a staircase to the Crypt.
 35383 | Vaults:2 | Found an ancient bone altar of Kikubaaqudgha.
 35396 | Vaults:2 | Found a basalt altar of Yredelemnul.
 36672 | Vaults:3 | Received a gift from Trog
 37019 | Vaults:4 | Found the +5 robe of Night {Dark MR+ SInv}
 37095 | Vaults:4 | Noticed Donald
 37113 | Vaults:4 | Killed Donald
 37137 | Vaults:4 | Received a gift from Trog
 37146 | Vaults:4 | Reached XP level 20. HP: 173/195 MP: 28/28
 37405 | Vaults:4 | Noticed Margery
 37420 | Vaults:4 | Killed Margery
 37642 | Vaults:4 | Received a gift from Trog
 38072 | Vaults:5 | Entered Level 5 of the Vaults
 38103 | Vaults:5 | Received a gift from Trog
 38251 | Vaults:5 | Received a gift from Trog
 38264 | Vaults:5 | Noticed a golden dragon
 38278 | Vaults:5 | Paralysed by a lich for 4 turns
 38293 | Vaults:5 | Found Loan's Weapon Shop.
 38340 | Vaults:5 | HP: 10/202 [tengu reaver/antimagic battleaxe (3)]
 38346 | Vaults:5 | Killed from afar by a tengu reaver

Vault maps used:
D:1:      lemuel_arrival_room
D:3:      bloody_trog
D:4:      grunt_temple_overflow_holy_war, vehumet_altar_wand_db
D:5:      kennysheep_mini, lemuel_doored_altar,
          minmay_temple_entry_statues_fountains, first_ration, serial_shops,
          nicolae_shop_stone, uniq_grinder
D:6:      lemuel_crystal_altar, serial_shops, nicolae_shop_behind_doors, shop,
          uniq_edmund, uniq_blork_the_orc
D:8:      uniq_prince_ribbit1
D:9:      lightli_temple_of_fire, erik_lair_orcish_takeover, the_bakery,
          kennysheep_generic_room_4, uniq_erolcha
D:10:     basic_altar
D:11:     lemuel_centaur_altar
D:12:     david_orc_1_choice, uniq_azrael
D:13:     serial_shops, shop_fountains, shop_statue, shop, nrook_uturn
D:14:     erik_vaults_1, serial_bayou_ford_a
D:15:     gammafunk_depths_entry_grave, uniq_agnes, uniq_sonja
Lair:1:   hangedman_lair_unloving_vines, beast_lair_carwin_6,
          grunt_megastairs_2, lemuel_fruit_fields, serial_bayou_shore_b,
          uniq_nergalle
Lair:2:   grunt_megastairs_3
Lair:3:   elwin_shoals_entry_rooms, st_stairs_3, lemuel_fruit_fields,
          lemuel_fruit_tree
Lair:4:   spider_nest_entry_web_field
Lair:5:   wad_woods_04, st_stairs_12, uniq_josephine, uniq_urug
Lair:6:   due_jungle_book, slime_altar_2, worms_lemuel, uniq_rupert, uniq_nessos
Shoals:2: uniq_roxanne, uniq_polyphemus
Shoals:3: portal_ice_cave_entry_pillars_1
Shoals:4: shoals_end_grunt_ice, shoal_ilsuiw, uniq_aizul
Spider:1: guppyfry_spider_mini_1
Spider:3: spider_trap
Spider:4: grunt_spider_rune_parallel, spider_trap, uniq_arachne
Orc:1:    nicolae_volcano_entry_vermiform, serial_shops, nicolae_shop_crystal
Orc:2:    st_orc_open, bloody_makhleb
Vaults:1: nicolae_vaults_little_squares_1, hangedman_vaults_pinch,
          vaults_room_hallway, ontoclasm_vaults_twist, nicolae_vaults_alarming,
          nicolae_vaults_border_crossing, vaults_mumra_hex,
          nicolae_vaults_shelves_hall, v_misc_26, grunt_vaults_hallway_short,
          hangedman_vaults_capsules, nicolae_vaults_little_squares_4, v_misc_23,
          vaults_room_hallway
Vaults:2: hangedman_vaults_stagger, vaults_room_octagon, ontoclasm_vaults_pinch,
          vaults_room_door_ring, minmay_crypt_entry_necro_gods, v_misc_5,
          v_misc_17, nicolae_vaults_little_squares_2, grunt_vaults_hallway_long,
          st_squares, nicolae_vaults_little_squares_6,
          nicolae_vaults_diagonal_hallway_7, grunt_vaults_hallway_short
Vaults:3: nicolae_vaults_sealed_display, hangedman_vaults_corner_blocks,
          ontoclasm_vaults_bender, hangedman_vaults_stitches, v_misc_11,
          nicolae_vaults_diagonal_hallway_7, v_misc_5, v_rooms_2,
          nicolae_vaults_diagonal_hallway_7
Vaults:4: v_misc_9, vaults_mumra_chevron_long, v_misc_8,
          ontoclasm_vaults_ring_small, nicolae_vaults_disjoint_gnomons,
          v_misc_23, v_misc_22, nicolae_vaults_little_squares_1, v_pattern_2,
          grunt_vaults_twisty, vaults_room_hallway, hangedman_vaults_hat,
          v_misc_18, uniq_donald, uniq_margery
IceCv:    ice_cave_caverns_02
Volcano:  volcano_pools

Skill      XL: |  1  2  3  4  5  6  7  8  9 10 11 12 13 14 15 16 17 18 19 20 |
---------------+-------------------------------------------------------------+-----
Axes           | 3 4 5 6 7 9 11 13 15 17 18 | 18.9
Fighting       | 4 5 6 7 8 10 11 12 14 15 17 18 19 20 22 | 22.4
Armour         | 4 5 6 7 8 10 11 12 14 15 16 18 19 20 22 | 22.3
Throwing       | 1 2 4 5 |  5.8
Shields        | 8 10 12 14 15 17 | 17.1
Evocations     | 4 7 9 10 12 | 12.2

Action                   |  1- 3 |  4- 6 |  7- 9 | 10-12 | 13-15 | 16-18 | 19-21 || total
-------------------------+-------+-------+-------+-------+-------+-------+-------++-------
Melee: War axe           |    70 |   147 |   328 |   473 |  1039 |  1557 |   804 ||  4418
       Headbutt          |    17 |    19 |    49 |    88 |   254 |   375 |   240 ||  1042
Throw: Javelin           |       |     3 |       |     4 |       |     6 |       ||    13
Invok: Burn Spellbooks   |       |     1 |       |       |     3 |     2 |       ||     6
       Berserk           |       |       |     7 |     3 |     7 |     2 |       ||    19
       Trog's Hand       |       |       |     1 |     1 |     2 |     1 |     3 ||     8
       Brothers in Arms  |       |       |       |       |       |     4 |     1 ||     5
Evoke: Wand              |       |     4 |       |     2 |    12 |     8 |       ||    26
       Lamp of fire      |       |       |       |       |       |     4 |       ||     4
       Phial of floods   |       |       |       |       |       |     3 |       ||     3
  Use: Potion            |       |     4 |       |       |     6 |    16 |     8 ||    34
       Scroll            |       |       |    14 |     6 |    15 |    11 |     7 ||    53
 Stab: Fleeing           |       |       |       |       |     1 |       |       ||     1
       Petrified         |       |       |       |       |       |     1 |       ||     1
  Eat: Chunk             |     2 |     8 |    19 |     9 |    23 |    14 |    13 ||    88
       Ration            |       |       |     1 |     5 |     7 |     8 |     1 ||    22
Armor: Scale mail        |    19 |    63 |    45 |       |       |       |       ||   127
       Plate armour      |       |       |   108 |   311 |   581 |  1193 |   452 ||  2645
Dodge: Dodged            |    22 |    39 |    56 |    95 |   189 |   421 |   184 ||  1006
Block: Shield            |    34 |    90 |   170 |   221 |   589 |  1217 |   564 ||  2885
       Reflection        |       |       |       |       |       |       |     6 ||     6

Table legend:
 A = Spawn XP
 B = Non-spawn XP
 C = Spawn XP percentage of total XP
 D = Spawn monster count
 E = Non-spawn monster count
 F = Spawn count percentage of total count
 G = Total turns spent on level
                    A         B        C        D         E        F      G
               +---------+---------+-------+---------+---------+-------+---------
         Total |       0 |  578260 |   0.0 |       0 |    1552 |   0.0 | 38346
               +---------+---------+-------+---------+---------+-------+---------
           D:1 |       0 |      53 |   0.0 |       0 |      20 |   0.0 |  1333
           D:2 |       0 |      92 |   0.0 |       0 |      25 |   0.0 |  1085
           D:3 |       0 |     159 |   0.0 |       0 |      20 |   0.0 |  1269
           D:4 |       0 |     419 |   0.0 |       0 |      13 |   0.0 |   727
           D:5 |       0 |     995 |   0.0 |       0 |      32 |   0.0 |  1322
           D:6 |       0 |     719 |   0.0 |       0 |      20 |   0.0 |   851
           D:7 |       0 |    1233 |   0.0 |       0 |      18 |   0.0 |   503
           D:8 |       0 |    2386 |   0.0 |       0 |      46 |   0.0 |  2106
           D:9 |       0 |    4955 |   0.0 |       0 |      34 |   0.0 |  1085
          D:10 |       0 |    4146 |   0.0 |       0 |      41 |   0.0 |   613
          D:11 |       0 |    4694 |   0.0 |       0 |      29 |   0.0 |  1126
          D:12 |       0 |    6957 |   0.0 |       0 |      39 |   0.0 |   950
          D:13 |       0 |    4125 |   0.0 |       0 |      42 |   0.0 |   854
          D:14 |       0 |   12346 |   0.0 |       0 |      42 |   0.0 |   887
          D:15 |       0 |   21784 |   0.0 |       0 |      47 |   0.0 |   986
        Lair:1 |       0 |    7874 |   0.0 |       0 |      35 |   0.0 |  1135
        Lair:2 |       0 |    5105 |   0.0 |       0 |      24 |   0.0 |   775
        Lair:3 |       0 |    6210 |   0.0 |       0 |      19 |   0.0 |  1439
        Lair:4 |       0 |    7905 |   0.0 |       0 |      26 |   0.0 |   679
        Lair:5 |       0 |    7154 |   0.0 |       0 |      20 |   0.0 |  1218
        Lair:6 |       0 |   21635 |   0.0 |       0 |      53 |   0.0 |  2056
      Shoals:1 |       0 |   14026 |   0.0 |       0 |      29 |   0.0 |   678
      Shoals:2 |       0 |   18903 |   0.0 |       0 |      35 |   0.0 |   857
      Shoals:3 |       0 |   16728 |   0.0 |       0 |      29 |   0.0 |   901
      Shoals:4 |       0 |   28977 |   0.0 |       0 |      46 |   0.0 |   959
      Spider:1 |       0 |   15591 |   0.0 |       0 |      43 |   0.0 |   465
      Spider:2 |       0 |   14911 |   0.0 |       0 |      40 |   0.0 |   977
      Spider:3 |       0 |   12600 |   0.0 |       0 |      36 |   0.0 |  1074
      Spider:4 |       0 |   49330 |   0.0 |       0 |     117 |   0.0 |  1025
         Orc:1 |       0 |    2859 |   0.0 |       0 |      26 |   0.0 |   734
         Orc:2 |       0 |   17567 |   0.0 |       0 |      78 |   0.0 |   606
      Vaults:1 |       0 |   30101 |   0.0 |       0 |      62 |   0.0 |  1337
      Vaults:2 |       0 |   61812 |   0.0 |       0 |     104 |   0.0 |  1210
      Vaults:3 |       0 |   32813 |   0.0 |       0 |      61 |   0.0 |  1361
      Vaults:4 |       0 |   71446 |   0.0 |       0 |      86 |   0.0 |  1167
      Vaults:5 |       0 |   53648 |   0.0 |       0 |      50 |   0.0 |   274
         IceCv |       0 |    9485 |   0.0 |       0 |      58 |   0.0 |  1500
       Volcano |       0 |    6517 |   0.0 |       0 |       7 |   0.0 |   222
               +---------+---------+-------+---------+---------+-------+---------
